 Dungeon Crawl Stone Soup version 0.29-a0-23-ga79f92ac9c (webtiles) character file.

Game seed: 10507903255706025891

165 Gargoyl the Skirmisher (level 5, 0/47 HPs)
             Began as a Gnoll Abyssal Knight on Jan 30, 2022.
             Was a Believer of Lugonu.
             Succumbed to Edmund's poison
             ... on level 3 of the Dungeon.
             The game lasted 00:06:07 (4079 turns).

Gargoyl the Skirmisher (Gnoll Abyssal Knight)       Turns: 4079, Time: 00:06:07

Health: 0/47       AC: 16    Str: 14    XL:     5   Next: 46%
Magic:  8/8        EV:  7    Int:  9    God:    Lugonu [**....]
Gold:   120        SH:  0    Dex: 13    Spells: 7/7 levels left

rFire   + . .      SeeInvis .   a - +1 hand axe
rCold   . . .      Faith    .   (no shield)
rNeg    . . .      Spirit   .   i - +1 chain mail of the Orb {rElec rF+}
rPois   .          Reflect  .   e - +1 helmet
rElec   +          Harm     .   (no cloak)
rCorr   .          Rampage  .   (no gloves)
Will    .....                   f - +2 pair of boots
Stlth   ..........              (no amulet)
HPRegen 0.15/turn               (no ring)
MPRegen 0.11/turn               (no ring)

@: lethally poisoned (0 -> -10), studying Dodging
A: fangs 1, strong nose, distributed training
a: Renounce Religion, Depart the Abyss, Bend Space


You were on level 3 of the Dungeon.
You worshipped Lugonu.
Lugonu was pleased with you.
You visited 1 branch of the dungeon, and saw 4 of its levels.
You visited the Abyss 1 time.

You collected 120 gold pieces.

Inventory:

Hand Weapons
 a - a +1 hand axe (weapon)
Missiles
 b - 2 poisoned darts (quivered)
Armour
 e - a +1 helmet (worn)
 f - a +2 pair of boots (worn)
 i - the +1 chain mail of the Orb (worn) {rElec rF+}
   (You found it on level 3 of the Dungeon)

   rF:        It protects you from fire.
   rElec:     It insulates you from electricity.
Scrolls
 g - a scroll of identify {unknown}


   Skills:
 + Level 6.7 Fighting
 + Level 1.5 Short Blades
 + Level 1.5 Long Blades
 + Level 4.8 Axes
 + Level 1.5 Maces & Flails
 + Level 1.5 Polearms
 + Level 1.5 Staves
 + Level 1.5 Slings
 + Level 1.5 Bows
 + Level 1.5 Crossbows
 + Level 1.5 Throwing
 + Level 4.8 Armour
 + Level 3.2 Dodging
 + Level 1.5 Stealth
 + Level 1.5 Shields
 + Level 1.5 Unarmed Combat
 + Level 1.5 Spellcasting
 + Level 1.2 Conjurations
 + Level 1.2 Hexes
 + Level 1.2 Summonings
 + Level 1.2 Necromancy
 + Level 1.2 Translocations
 + Level 1.2 Transmutations
 + Level 1.2 Fire Magic
 + Level 1.2 Ice Magic
 + Level 1.2 Air Magic
 + Level 1.2 Earth Magic
 + Level 1.2 Poison Magic
 + Level 4.9 Invocations
 + Level 1.5 Evocations


You had 7 spell levels left.
You didn't know any spells.
Your spell library was empty.

Dungeon Overview and Level Annotations

Branches:
Dungeon (4/15)             Temple (0/1) D:4

Altars:
Okawaru
Trog
Yredelemnul

Annotations:
D:3 Edmund


Innate Abilities, Weirdness & Mutations

You have very sharp teeth.
Your uncanny sense of smell can sniff out nearby items.
Your experience applies equally to all skills.


Message History

Edmund hits you with a +3 flail of venom!
You are lethally poisoned!
Throw: 7 darts (poison)
Press: ? - help, Q - select action, (/) - cycle Shift-Dir - straight line, f - Edmund
Aim: Edmund, wielding a +3 flail of venom and wearing a +1 chain mail of fire resistance (lightly wounded, 68% to hit)
You throw a poisoned dart.
The poisoned dart closely misses Edmund.
You feel very sick.
Edmund hits you with a +3 flail of venom.
Throw: 6 darts (poison)
Press: ? - help, Q - select action, (/) - cycle Shift-Dir - straight line, f/p - Edmund
Aim: Edmund, wielding a +3 flail of venom and wearing a +1 chain mail of fire resistance (lightly wounded, 68% to hit)
You throw a poisoned dart. The poisoned dart hits Edmund.
Edmund is lightly wounded.
* * * LOW HITPOINT WARNING * * *
You feel very sick.
Edmund hits you with a +3 flail of venom.
* * * LOW HITPOINT WARNING * * *
Throw: 5 darts (poison)
Press: ? - help, Q - select action, (/) - cycle Shift-Dir - straight line, f/p - Edmund
Aim: Edmund, wielding a +3 flail of venom and wearing a +1 chain mail of fire resistance (lightly wounded, 68% to hit)
You throw a poisoned dart. The poisoned dart hits Edmund.
Edmund is lightly wounded.
* * * LOW HITPOINT WARNING * * *
You feel very sick.
Throw: 4 darts (poison)
Press: ? - help, Q - select action, (/) - cycle Shift-Dir - straight line, f/p - Edmund
Aim: Edmund, wielding a +3 flail of venom and wearing a +1 chain mail of fire resistance (lightly wounded, 68% to hit)
You throw a poisoned dart. The poisoned dart hits Edmund.
Edmund is poisoned.
Edmund is lightly wounded.
* * * LOW HITPOINT WARNING * * *
You feel sick. Edmund closely misses you.
Unknown command.
You aren't carrying any potions.
Unknown command.
Throw: 3 darts (poison)
Press: ? - help, Q - select action, (/) - cycle Shift-Dir - straight line, f/p - Edmund
Aim: Edmund, wielding a +3 flail of venom and wearing a +1 chain mail of fire resistance (lightly wounded, poisoned, 68% to hit)
You throw a poisoned dart. The poisoned dart barely misses Edmund.
You die...

#.##..##.[##....##
#.##.†#8..8#...... ########
#.......>......... .......#
#.....).......#### ######.#
#####.#8..8##.# #.#
#.....##..###.# #.#
#.###########+## #.# #.# ##...#
###.# #@### ##....### ##.#.#
#@#.## ##<......#
###....#########....####........#
................(......'.....#...
###...###########...####.....#...
##..# ##..# ##..#####. ##.# ##.#
##.....#. #.# #.# ##...##. #.#
#.# ##'####


You could see Edmund (poisoned).

Vanquished Creatures
  An orc priest (D:4)
  5 adders
  An ufetubus (D:3)
  A worm (D:3)
  6 dart slugs
  An orc (D:3)
  4 ball pythons
  6 bats
  3 endoplasms
  4 giant cockroaches
  7 goblins
  8 hobgoblins
  4 quokkas
  4 frilled lizards
  12 kobolds
  3 rats
70 creatures vanquished.

Notes
Turn   | Place    | Note
-------+----------+-------------------------------------------
     0 | Abyss:1  | Gargoyl the Gnoll Abyssal Knight began the quest for the
                  | Orb.
     0 | Abyss:1  | Reached XP level 1. HP: 23/23 MP: 3/3
    31 | D:1      | Escaped the Abyss
   114 | D:1      | Reached * piety under Lugonu
   135 | D:1      | Reached XP level 2. HP: 19/29 MP: 5/5
   822 | D:1      | Reached XP level 3. HP: 32/35 MP: 6/6
  1754 | D:2      | Reached skill level 1 in Short Blades
  1754 | D:2      | Reached skill level 1 in Long Blades
  1754 | D:2      | Reached skill level 1 in Maces & Flails
  1754 | D:2      | Reached skill level 1 in Polearms
  1754 | D:2      | Reached skill level 1 in Staves
  1754 | D:2      | Reached skill level 1 in Slings
  1754 | D:2      | Reached skill level 1 in Bows
  1754 | D:2      | Reached skill level 1 in Crossbows
  1754 | D:2      | Reached skill level 1 in Throwing
  1754 | D:2      | Reached skill level 1 in Stealth
  1754 | D:2      | Reached skill level 1 in Shields
  1754 | D:2      | Reached skill level 1 in Unarmed Combat
  1754 | D:2      | Reached skill level 1 in Spellcasting
  1754 | D:2      | Reached skill level 1 in Evocations
  1754 | D:2      | Reached XP level 4. HP: 41/41 MP: 7/7
  2200 | D:2      | Found an iron altar of Okawaru.
  2204 | D:2      | Reached ** piety under Lugonu
  2232 | D:2      | Identified a scroll of acquirement
  2232 | D:2      | Acquired a manual of Dodging
  2530 | D:3      | Reached skill level 1 in Conjurations
  2530 | D:3      | Reached skill level 1 in Hexes
  2530 | D:3      | Reached skill level 1 in Summonings
  2530 | D:3      | Reached skill level 1 in Necromancy
  2530 | D:3      | Reached skill level 1 in Translocations
  2530 | D:3      | Reached skill level 1 in Transmutations
  2530 | D:3      | Reached skill level 1 in Fire Magic
  2530 | D:3      | Reached skill level 1 in Ice Magic
  2530 | D:3      | Reached skill level 1 in Air Magic
  2530 | D:3      | Reached skill level 1 in Earth Magic
  2530 | D:3      | Reached skill level 1 in Poison Magic
  2778 | D:3      | Identified the +1 chain mail of the Orb {rElec rF+}
  2870 | D:3      | Found a faded altar of an unknown god.
  3207 | D:3      | Reached XP level 5. HP: 38/47 MP: 8/8
  3317 | D:3      | Found a bloodstained altar of Trog.
  3410 | D:3      | Found a basalt altar of Yredelemnul.
  3571 | D:4      | Found a staircase to the Ecumenical Temple.
  3724 | D:4      | Noticed Edmund
  3752 | D:4      | HP: 2/47 [ufetubus (2)]
  4078 | D:3      | HP: 2/47 [poisoned by Edmund]
  4079 | D:3      | Succumbed to Edmund's poison

Illustrated notes

Levels and vault maps discovered:
D:1:      dpeg_arrival_rooms_with_view, layout_loops_corners
D:2:      layout_basic, basic_altar
D:3:      layout_loops_corners, trog_three_pillars_becter,
          mainiacjoe_overflow_six_doors_small, ebering_ecumenical_altar_mist,
          st_stairs_6, hangedman_decor_push, nicolae_wormholes
D:4:      layout_loops_ring, minmay_temple_entry_proselytizer, uniq_edmund

Skill      XL: |  1  2  3  4 |
---------------+-------------+-----
Short Blades   | 1 |  1.5
Long Blades    | 1 |  1.5
Maces & Flails | 1 |  1.5
Polearms       | 1 |  1.5
Staves         | 1 |  1.5
Slings         | 1 |  1.5
Bows           | 1 |  1.5
Crossbows      | 1 |  1.5
Throwing       | 1 |  1.5
Stealth        | 1 |  1.5
Shields        | 1 |  1.5
Unarmed Combat | 1 |  1.5
Spellcasting   | 1 |  1.5
Evocations     | 1 |  1.5
Conjurations   | 1 |  1.2
Hexes          | 1 |  1.2
Summonings     | 1 |  1.2
Necromancy     | 1 |  1.2
Translocations | 1 |  1.2
Transmutations | 1 |  1.2
Fire Magic     | 1 |  1.2
Ice Magic      | 1 |  1.2
Air Magic      | 1 |  1.2
Earth Magic    | 1 |  1.2
Poison Magic   | 1 |  1.2
Dodging        | 3 |  3.2
Fighting       | |  6.7
Axes           | |  4.8
Armour         | |  4.8
Invocations    | |  4.9

Action                   |  1- 3 |  4- 6 || total
-------------------------+-------+-------++-------
Melee: Hand axe          |   108 |   137 ||   245
       Bite              |     8 |    13 ||    21
       Punch             |     3 |     2 ||     5
Throw: Dart              |       |    11 ||    11
Invok: Depart the Abyss  |     1 |       ||     1
       Bend Space        |       |     1 ||     1
  Use: Scroll            |     4 |     3 ||     7
       Potion            |       |     4 ||     4
 Stab: Sleeping          |     1 |       ||     1
Armor: Leather armour    |    28 |       ||    28
       Scale mail        |     7 |    58 ||    65
       Chain mail        |       |    83 ||    83
Dodge: Dodged            |    69 |    90 ||   159

Table legend: (Time is in decaauts)
 A = Elapsed time spent in this place.
 B = Non-inter-level travel time spent in this place.
 C = Inter-level travel time spent in this place.
 D = Time resting spent in this place.
 E = Time spent auto-exploring this place.
 F = Levels seen in this place.
 G = Mean time per level.
                   A        B        C        D        E       F      G
               +--------+--------+--------+--------+--------+-----+--------+
         Total |   4076 |   3948 |    128 |    281 |   2859 |   5 |  815.2 |
       Dungeon |   4045 |   3917 |    128 |    281 |   2831 |   4 | 1011.2 |
         Abyss |     31 |     31 |      0 |      0 |     28 |   1 |   31.0 |
               +--------+--------+--------+--------+--------+-----+--------+

Top non-repeatable levels by time:
     D:1: 1548 daAuts
     D:3: 1432 daAuts
     D:2: 866 daAuts
     D:4: 197 daAuts
 Abyss:1: 31 daAuts
